Map: Prion Terraces

Players

MorN - Winner!

  • Race: Terran Terran
  • League: Master

guardtower

  • Race: Terran Terran
  • League: Diamond

VOD

Have the link to the VOD?

Description

Time

  • Played on: Dec. 7, 2015, 12:56 a.m.
  • Length: 6:14
Show
View Real Time Build Order
Export as new Build Order

MorN Terran - Winner!

Build Orders: 1/1/1, Hellion Banshee 

Get SALT Encoding   

  12  0:01  SCV  
  13  0:13  SCV  
  14  0:17  Supply Depot  
  14  0:25  SCV  
  14  0:27  Refinery  
  15  0:38  SCV  
  16  0:45  Barracks  
  16  0:50  SCV  
  16  0:55  Refinery  
  17  1:02  SCV  
  18  1:14  SCV  
  19  1:31  Orbital Command  
  19  1:33  Reaper  
  19  1:36  Factory  
  20  1:51  Supply Depot  
  20  1:57  SCV  
  21  2:05  Reaper  
  22  2:10  SCV  
  23  2:20  Starport  
  23  2:21  Hellion  
  25  2:26  SCV  
  26  2:38  SCV  
  26  2:42  Reaper  
  28  2:50  SCV  
  26  2:53  Hellion  
  28  3:09  Viking  
  27  3:23  Hellion  
  29  3:34  SCV  
  30  3:41  Barracks Tech Lab  
  30  3:44  Command Center  
  30  3:46  Hellion  
  31  4:02  Supply Depot  
  31  4:07  Cloaking Field  
  31  4:13  Banshee, SCV  
  31  4:25  SCV, Hellion  
  33  4:39  SCV  
  33  4:42  Supply Depot  
  33  4:43  Reaper  
  35  4:50  Hellion  
  35  4:51  SCV  
  38  4:58  Banshee  
  41  5:01  Orbital Command  
  41  5:03  SCV  
  42  5:13  Hellion  
  44  5:15  SCV  
  44  5:17  Barracks Reactor  
  45  5:27  SCV  
  46  5:43  SCV  
  46  5:46  Hellion  
  52  5:53  SCV  
  52  5:55  SCV, Marine x2  
Show
View Real Time Build Order
Export as new Build Order

guardtower Terran 

Build Orders:  

Get SALT Encoding   

  12  0:01  SCV  
  13  0:13  SCV  
  14  0:20  Supply Depot  
  14  0:25  SCV  
  15  0:31  Refinery  
  15  0:43  Barracks  
  15  0:44  SCV  
  16  0:56  SCV  
  17  1:08  SCV  
  18  1:21  SCV  
  18  1:23  Barracks  
  19  1:31  Reaper, Barracks  
  20  1:35  SCV  
  21  1:42  Supply Depot  
  21  1:49  Refinery  
  21  1:51  SCV  
  22  2:03  Reaper  
  23  2:08  Orbital Command  
  23  2:11  Reaper  
  24  2:19  Reaper  
  25  2:35  Reaper  
  26  2:43  Reaper  
  27  2:53  Reaper  
  27  2:59  SCV  
  26  3:07  Reaper  
  26  3:12  SCV  
  28  3:18  Reaper  
  29  3:25  Reaper  
  26  3:36  SCV  
  26  3:39  Reaper  
  28  3:46  Command Center  
  28  3:48  SCV  
  29  3:50  Reaper  
  30  3:57  Reaper  
  31  4:11  SCV, Reaper  
  31  4:12  Supply Depot  
  33  4:22  Reaper  
  32  4:36  Supply Depot  
  31  4:40  SCV  
  32  4:46  Engineering Bay  
  32  4:48  Barracks  
  32  4:49  Marine  
  32  4:51  Command Center, Barracks Reactor  
  31  5:00  SCV  
  31  5:02  Orbital Command  
  31  5:03  Supply Depot  
  31  5:06  Marine  
  32  5:12  SCV  
  34  5:21  Missile Turret  
  34  5:22  Missile Turret  
  34  5:24  Marine  
  35  5:31  Missile Turret  
  32  5:40  Marine x2  
  32  5:42  Marine  
  33  5:46  Marine  
  33  5:54  SCV  
Tags
 
Composition
Hellion Banshee
Matchup
TvT
Opening
1/1/1
Race
Terran
Replay Pack
MorN pack 2
Add a new tag
Caveats
  • Supply blocks, unpowered buildings, or Contaminate may cause inaccurate times.
  • Supply counts are checked every 10 seconds.